 Dungeon Crawl Stone Soup version 0.29.1 (webtiles) character file.

Game seed: 1723152716755360058

1641 LustLizard the Thaumaturge (level 9, -3/66 HPs)
             Began as a Djinni Ice Elementalist on Sept 13, 2022.
             Slain by a troll (5 damage)
             ... on level 6 of the Dungeon.
             The game lasted 00:13:05 (4592 turns).

LustLizard the Thaumaturge (DjIE)                   Turns: 4592, Time: 00:13:06

Health: -3/66      AC: 13    Str:  7    XL:     9   Next: 18%
Gold:   223        EV: 10    Int: 25    God:
                   SH:  0    Dex: 10

rFire   x x .      SeeInvis .   (weapon currently unavailable)
rCold   + + +      Faith    .   (shield currently unavailable)
rNeg    + + +      Spirit   .   (body armour currently unavailable)
rPois   ∞          Reflect  .   (helmet currently unavailable)
rElec   .          Harm     .   (cloak currently unavailable)
rCorr   +          Rampage  .   (gloves currently unavailable)
Will    .....                   (boots unavailable)
Stlth   ++........              d - amulet of regeneration
HPRegen 1.01/turn               y - ring of Truth {Ice Fly rN+++ Int+4 Dex-4}
MPRegen 0.00/turn               i - ring of resist corrosion

@: ice-form, flying
A: freezing attack, flying, boosted hp, sickness immunity, large, (fire
resistance 2), (cold vulnerability 1), float, innate caster, HP casting, extra
vitality 1
a: End Transformation


You were on level 6 of the Dungeon.
You were a creature of crystalline ice.
You visited 1 branch of the dungeon, and saw 6 of its levels.
You also visited: Ossuary.

You collected 223 gold pieces.

Inventory:

Hand Weapons
 f - a +0 dagger
 w - a +0 dagger of speed (melded)
Missiles
 z - a throwing net
Armour
 a - a +0 robe
 e - a +0 helmet (melded)
 m - a +0 leather armour (melded)
Jewellery
 d - an amulet of regeneration (around neck)
 i - a ring of resist corrosion (right front paw)
 y - the ring of Truth (left front paw) {Ice Fly rN+++ Int+4 Dex-4}
   (You found it on level 5 of the Dungeon)

   [ring of ice]

   It enhances your ice magic.
   Int:       It affects your intelligence (+4).
   Dex:       It affects your dexterity (-4).
   rF:        It makes you vulnerable to fire.
   rC:        It protects you from cold.
   rN:        It renders you almost immune to negative energy.
   Fly:       It grants you flight.
Wands
 c - a wand of quicksilver (5)
Scrolls
 b - 2 scrolls of amnesia {unknown}
 h - 3 scrolls of teleportation {unknown}
 l - a scroll of blinking {unknown}
 n - 3 scrolls of noise {unknown}
 p - a scroll of silence {unknown}
 r - 2 scrolls of fog {unknown}
 s - 2 scrolls of enchant weapon {unknown}
 v - a scroll of fear {unknown}
Potions
 g - 5 potions of heal wounds
 j - 2 potions of invisibility
 k - 6 potions of cancellation
 o - 2 potions of berserk rage
 q - a potion of resistance {unknown}
 t - 2 potions of haste {unknown}
 u - a potion of might {unknown}
 x - a potion of brilliance


   Skills:
 * Level 3.0 Dodging
 - Level 4.0 Stealth
 * Level 8.3 Spellcasting
 * Level 1.4 Evocations


You had 3 spell levels left.
You knew the following spells:

 Your Spells              Type           Power      Damage    Failure   Level
a - Freeze                Ice            100%       1d11      1%          1
b - Frozen Ramparts       Ice            100%       1d16      1%          3
c - Ozocubu's Armour      Ice            68%        N/A       1%          3
d - Hailstorm             Conj/Ice       68%        3d14      1%          4
e - Foxfire               Conj/Fire      100%       2x1d9     1%          1
f - Blink                 Tloc           100%       N/A       1%          2
g - Call Canine Familiar  Summ           51%        N/A       1%          3
h - Ice Form              Ice/Tmut       68%        N/A       1%          4
Your spell library was empty.

Dungeon Overview and Level Annotations

Branches:
Dungeon (6/15)            Ossuary (visited)
 Temple: D:4-7

Altars:
Ashenzari
Cheibriados
Elyvilon
Fedhas
Wu Jian
Zin


Innate Abilities, Weirdness & Mutations

You are a creature of crystalline ice.
You have a powerful freezing melee attack.
You are flying.
Your maximum health is increased.
Your armour is entirely melded.
You are incapable of wielding weapons or throwing items.
You are immune to sickness and miasma.
You are immune to poison.
((Your flesh is very heat resistant. (rF++)))
((You are vulnerable to cold. (rC-)))
You float through the air rather than walking.
You learn spells naturally, not from books.
Your magical power is your life essence.
You have superior vitality. (+4 MHP)


Message History

The troll is moderately wounded.
The troll bites you. The troll closely misses you. The troll barely misses you.
You barely miss the troll.
The troll is moderately wounded.
The troll bites you but does no damage. The troll closely misses you.
The troll misses you.
You completely miss the troll.
The troll is moderately wounded.
The troll bites you! The troll completely misses you.
The troll claws you but does no damage.
You hit the troll. You freeze the troll.
The troll is moderately wounded.
The troll bites you. The troll claws you! x2
* * * LOW HITPOINT WARNING * * *
You hit the troll but do no damage.
The troll is moderately wounded.
The troll closely misses you. The troll barely misses you. The troll claws you.
* * * LOW HITPOINT WARNING * * *
You hit the troll. You freeze the troll.
The troll is moderately wounded.
The troll barely misses you. The troll claws you but does no damage.
The troll closely misses you.
There is an open door here.
The troll attacks as you move away! The troll barely misses you.
The troll claws you but does no damage. The troll claws you.
* * * LOW HITPOINT WARNING * * *
A troll is nearby!
You hit the troll. You freeze the troll.
The troll is heavily wounded.
The troll bites you but does no damage. The troll claws you but does no damage.
The troll closely misses you.
You barely miss the troll.
The troll is heavily wounded.
The troll barely misses you. The troll claws you but does no damage.
The troll claws you!
* * * LOW HITPOINT WARNING * * *
You barely miss the troll.
The troll is moderately wounded.
The troll bites you.
You die...

....##'##... ......##+##..
...........###'##.......#..
...........#....#.......+..
....$......#....#.......#..
....$......#....#.......#..
...........#....#.......#..
......./...#..###.......###
..######'###'#####'#.......
#..#...TY....#...#.......
#..#.........'...#.......
#..'.........#...#.......
#..#.........#...#.......
#####...##..###..#.......
######### ######+#... #...


You could see a troll.

Vanquished Creatures
  A vampire (D:6)
  Eustachio (D:5)
  A water moccasin (D:5)
  A black bear (D:4)
  3 ogres (D:5)
  A phantom (D:5)
  A centaur (D:6)
  2 elf zombies (Ossuary)
  2 scorpions
  A vampire bat (D:5)
  A howler monkey (D:6)
  A centaur zombie (Ossuary)
  A human zombie (Ossuary)
  An orc wizard (D:3)
  Natasha (thrice) (D:4)
  2 mummies (Ossuary)
  8 adders
  2 adder zombies (Ossuary)
  A dart slug (D:4)
  3 fire bats (D:5)
  7 orcs (D:3)
  2 spectral bats (D:5)
  13 bats
  3 bat skeletons (D:5)
  A bat zombie (D:5)
  4 endoplasms
  6 giant cockroaches
  6 goblins
  5 hobgoblins
  4 jackals (D:2)
  2 quokkas
  6 ball pythons
  A bat simulacrum (D:5)
  4 frilled lizards
  3 goblin zombies (Ossuary)
  6 hobgoblin zombies (Ossuary)
  4 kobolds
  5 kobold zombies (Ossuary)
  14 orc zombies (Ossuary)
  A quokka zombie (D:4)
  2 rats
  3 rat zombies
139 creatures vanquished.

Vanquished Creatures (others)
  213 foxfires
213 creatures vanquished.

Grand Total: 352 creatures vanquished

Notes
Turn   | Place    | Note
-------+----------+-------------------------------------------
     0 | D:1      | LustLizard the Djinni Ice Elementalist began the quest for
                  | the Orb.
     0 | D:1      | LustLizard set off with the following spells memorised:
                  | Freeze, Frozen Ramparts, Ozocubu's Armour, Hailstorm.
     0 | D:1      | Reached XP level 1. HP: 15/15 MP: 0/0
   368 | D:1      | Found a faded altar of an unknown god.
   525 | D:1      | Reached XP level 2. HP: 21/21 MP: 0/0
   947 | D:1      | Reached XP level 3. HP: 22/25 MP: 0/0
   947 | D:1      | Learned a level 1 spell: Foxfire
  1356 | D:2      | Reached XP level 4. HP: 31/31 MP: 0/0
  1668 | D:3      | Reached skill level 4 in Spellcasting
  1821 | D:3      | Found an ornate altar of the Wu Jian Council.
  2115 | D:3      | Reached XP level 5. HP: 31/35 MP: 0/0
  2115 | D:3      | Learned a level 2 spell: Blink
  2229 | D:4      | Noticed Natasha
  2229 | D:4      | Noticed a black bear
  2245 | D:4      | Killed a black bear
  2246 | D:4      | Reached XP level 6. HP: 35/40 MP: 0/0
  2287 | D:4      | Killed Natasha
  2322 | D:4      | Found a broken altar of Ashenzari.
  2435 | D:4      | Found a white marble altar of Elyvilon.
  2460 | D:4      | Noticed Natasha
  2464 | D:4      | Killed Natasha
  2467 | D:4      | Found a glowing silver altar of Zin.
  2506 | D:4      | Found a sand-covered staircase.
  2517 | Ossuary  | Entered an ossuary
  2689 | Ossuary  | Reached skill level 5 in Spellcasting
  2804 | Ossuary  | Reached XP level 7. HP: 42/45 MP: 0/0
  2804 | Ossuary  | Learned a level 3 spell: Call Canine Familiar
  3048 | D:4      | Identified the +10 sling of Noamiwia {freeze, +Blink}
  3251 | D:4      | Found a blossoming altar of Fedhas.
  3313 | D:4      | Noticed Natasha
  3321 | D:4      | Killed Natasha
  3513 | D:5      | Entered Level 5 of the Dungeon
  3534 | D:5      | Noticed a water moccasin
  3543 | D:5      | Killed a water moccasin
  3544 | D:5      | Reached skill level 6 in Spellcasting
  3730 | D:5      | Noticed Eustachio
  3739 | D:5      | Killed Eustachio
  3740 | D:5      | Reached XP level 8. HP: 48/50 MP: 0/0
  3869 | D:5      | Found a snail-covered altar of Cheibriados.
  3891 | D:5      | Reached skill level 7 in Spellcasting
  4043 | D:5      | Identified the ring of Truth {Ice Fly rN+++ Int+4 Dex-4}
  4371 | D:6      | Reached skill level 8 in Spellcasting
  4371 | D:6      | Identified the +1 ring mail of Precision Catastrophes {Harm
                  | +Blink MP+9}
  4401 | D:6      | Reached XP level 9. HP: 27/55 MP: 0/0
  4401 | D:6      | Learned a level 4 spell: Ice Form
  4465 | D:6      | Noticed a troll
  4543 | D:6      | Reached skill level 1 in Evocations
  4591 | D:6      | HP: 1/66 [troll (11)]
  4592 | D:6      | Slain by a troll

Illustrated notes

Levels and vault maps discovered:
D:1:      minmay_arrival_plants_in_alcoves, layout_loops_corners,
          basic_ecumenical_altar
D:2:      layout_basic, st_stairs_1, chequers_serial_rivers_micro_c
D:3:      layout_rooms, nzn_wu_jian_contemplation, minmay_misc_feat_hallway
D:4:      layout_loops_ring, mainiacjoe_overflow_cross_hatched,
          marbit_many_paths, old_standard_altar,
          mainiacjoe_overflow_surrounded_room, enter_ossuary_4,
          roderic_serpentine_path, uniq_natasha
D:5:      layout_loops_ring, mainiacjoe_overflow_small_starburst, minivault_27,
          corexii_item_surrounded_by_moat, goddamned_bats, uniq_eustachio
D:6:      layout_gridville

Skill      XL: |  1  2  3  4  5  6  7  8  9 |
---------------+----------------------------+-----
Stealth        | 2 3 4 |  4.0
Spellcasting   | 4 5 6 8 |  8.3
Dodging        | 3 |  3.0
Evocations     | 1 |  1.4

Action                   |  1- 3 |  4- 6 |  7- 9 || total
-------------------------+-------+-------+-------++-------
Melee: Unarmed           |     5 |       |    18 ||    23
       Dagger            |    37 |    50 |   129 ||   216
       Punch             |     1 |     2 |     7 ||    10
 Cast: Freeze            |    21 |    25 |       ||    46
       Frozen Ramparts   |     3 |     5 |    15 ||    23
       Foxfire           |       |    71 |    51 ||   122
       Ozocubu's Armour  |       |       |     8 ||     8
       Blink             |       |       |     1 ||     1
       Ice Form          |       |       |     1 ||     1
       Call Canine Famil |       |       |     1 ||     1
  Use: Scroll            |       |       |     4 ||     4
       Potion            |       |       |     1 ||     1
 Stab: Sleeping          |     4 |     2 |     1 ||     7
       Distracted        |       |       |     1 ||     1
Armor: Robe              |    15 |    23 |    56 ||    94
       Skin              |       |       |    15 ||    15
       Leather armour    |       |       |     1 ||     1
Dodge: Dodged            |    36 |    48 |   115 ||   199
